 Dungeon Crawl Stone Soup version 0.29-a0-824-gd827844252 (webtiles) character file.

Game seed: 10668259652266808885

62 Mesmaeker13 the Ducker (level 3, -12/15 HPs)
             Began as a Felid Transmuter on July 10, 2022.
             Killed from afar by Robin (22 damage)
             ... with a bolt of light
             ... on level 1 of the Dungeon.
             The game lasted 00:05:41 (3172 turns).

Mesmaeker13 the Ducker (Felid Transmuter)           Turns: 3172, Time: 00:05:41

Health: -12/15     AC:  1    Str:  8    XL:     3   Next: 85%
Magic:  25/25      EV: 19    Int: 14    God:
Gold:   149        SH:  0    Dex: 16    Spells: 3/6 levels left
                                        Lives:  0   Deaths: 1

rFire   . . .      SeeInvis +     - Unarmed
rCold   . . .      Faith    .   (shield unavailable)
rNeg    . . .      Spirit   .   (body armour unavailable)
rPois   .          Reflect  .   (helmet unavailable)
rElec   .          Harm     .   (cloak unavailable)
rCorr   .          Rampage  .   (gloves unavailable)
Will    .....                   (boots unavailable)
Stlth   +.........              f - amulet of regeneration
HPRegen 0.85/turn               b - ring of magical power
MPRegen 0.19/turn               o - ring of magical power

@: confused, quick
A: very small, claws 1, fangs 3, see invisible, speed 1, shaggy fur 1, stealthy
paws, no weapons or thrown items, no armour, multi-lived
a: no special abilities


You were on level 1 of the Dungeon.
You visited 1 branch of the dungeon, and saw 2 of its levels.

You collected 149 gold pieces.

Inventory:

Jewellery
 b - a ring of magical power (left paw)
 f - an amulet of regeneration (around neck)
 l - an amulet of reflection
 o - a ring of magical power (right paw)
Wands
 m - a wand of roots (3)
Scrolls
 c - a scroll of teleportation {unknown}
 e - 2 scrolls of vulnerability {unknown}
 j - a scroll of identify {unknown}
 k - a scroll of noise {unknown}
 n - a scroll of silence {unknown}
 q - a scroll of acquirement {unknown}
Potions
 a - a potion of lignification
 d - a potion of attraction {unknown}
 g - 3 potions of heal wounds {unknown}
 h - 2 potions of flight {unknown}
 i - 2 potions of curing {unknown}
 p - a potion of might {unknown}


   Skills:
 - Level 1.0 Fighting
 + Level 4.5 Dodging
 + Level 4.0 Unarmed Combat
 - Level 2.0 Spellcasting
 + Level 3.6 Transmutations


You had 3 spell levels left.
You knew the following spells:

 Your Spells              Type           Power      Damage    Failure   Level
a - Beastly Appendage     Tmut           22%        N/A       5%          1
b - Wereblood             Tmut           11%        N/A       9%          2

Your spell library contained the following spells:

 Spells                   Type           Power      Damage    Failure   Level
 Spider Form              Tmut/Pois      6%         N/A       34%         3
 Ice Form                 Ice/Tmut       6%         N/A       75%         4


Dungeon Overview and Level Annotations

Branches:
Dungeon (2/15)

Altars:

Shops:
D:1 :

Annotations:
D:1 Robin


Innate Abilities, Weirdness & Mutations

You have sharp claws.
You have razor-sharp teeth.
You have supernaturally acute eyesight. (SInv)
You cover ground quickly. (Speed+)
You are covered in fur. (AC +1)
Your paws help you pounce on unaware monsters.
You are incapable of wielding weapons or throwing items.
You cannot wear armour.
You gain extra lives every three experience levels.


Message History

You kill the goblin!
No target in view!
q - a scroll labelled HETIVU MULL You see here a +0 club.
You start waiting.
Your transformation is almost over.
Your horns disappear.
Done waiting.
There is a stone staircase leading up here.
You see here a +0 club.
Things that are here:
a +1 dagger of venom; a +0 dagger
There is an open door here.
There is an open door here.
There is an open door here.
There is an open door here.
Things that are here:
a +1 dagger of venom; a +0 dagger You see here a +0 dagger.
Things that are here:
a +0 dagger; a goblin skeleton
There is an open door here.
There is a faded altar of an unknown god here.
You open the door.
There is an open door here.
There is an open door here.
There is a faded altar of an unknown god here.
There is an open door here.
Things that are here:
a +1 dagger of venom; a +0 dagger
There is an escape hatch in the ceiling here.
A mysterious force pulls you upwards. The hatch slams shut behind you.
Level annotation: Robin Robin zaps a wand.
The bolt of light hits you!
You are confused.
You see here the felid skeleton of Mesmaeker13.
You're too confused to move!
Robin zaps a wand.
The bolt of light hits you!!
Ouch! That really hurt!
You die...

#######.....#...
##...............
##..###.....#.....
##...###...#...#...
#............#.....
###....###...#...#...
##..............#.....
#..##..÷..............
##.###@................
#..# #.g.....###.###.##
########.####>..#####
#.# #.##
#..........##...# #.#
#.## #..........##...#
#.# #.#
#..........##...# #.#
#.## #...........)...#
#.# #..#
#..........##.#'# #.#
##.# #..........##.≈.#
#####.####.#


You could see Robin.

Vanquished Creatures
  Jessica (D:2)
  An adder (D:2)
  2 worms (D:2)
  2 dart slugs (D:1)
  3 bats
  12 endoplasms
  3 giant cockroaches (D:1)
  10 goblins
  9 hobgoblins
  4 jackals (D:1)
  2 quokkas (D:1)
  9 ball pythons
  A frilled lizard (D:1)
  2 kobolds (D:1)
  6 rats
67 creatures vanquished.

Notes
Turn   | Place    | Note
-------+----------+-------------------------------------------
     0 | D:1      | Mesmaeker13 the Felid Transmuter began the quest for the
                  | Orb.
     0 | D:1      | Reached XP level 1. HP: 9/9 MP: 4/4
   105 | D:1      | Reached XP level 2. HP: 10/12 MP: 4/6
   179 | D:1      | Found Urealic's Book Shoppe.
   889 | D:1      | Reached XP level 3. HP: 15/15 MP: 4/7
  1446 | D:2      | Noticed Jessica
  1451 | D:2      | Learned a level 2 spell: Wereblood
  1464 | D:2      | Killed Jessica
  1465 | D:2      | Reached XP level 4. HP: 9/19 MP: 8/8
  1638 | D:2      | Identified the +9 flail of Wounding {holy, rPois rF- Str+4}
  2024 | D:2      | Noticed Robin
  2156 | D:2      | Found a faded altar of an unknown god.
  2356 | D:1      | Killed from afar by Robin
  2357 | D:1      | Reached XP level 3. HP: -5/15 MP: 25/25
  3172 | D:1      | Killed from afar by Robin

Illustrated notes

Levels and vault maps discovered:
D:1:      dpeg_arrival_three_same_balls, layout_rooms, serial_shops,
          nicolae_shop_hallway_plus, hex_tiny, minmay_octomino_j4
D:2:      layout_rooms, hellmonk_ecumenical_altar_slurped_away, uniq_jessica,
          uniq_robin

Skill      XL: |  1  2  3  4 |
---------------+-------------+-----
Dodging        | 3 4 |  4.5
Transmutations | 3 |  3.6
Unarmed Combat | 4 |  4.0
Fighting       | |  1.0
Spellcasting   | |  2.0

Action                   |  1- 3 |  4- 6 || total
-------------------------+-------+-------++-------
Melee: Unarmed           |    98 |    72 ||   170
       Bite              |    12 |     7 ||    19
       Headbutt          |    19 |    12 ||    31
       Punch             |       |     2 ||     2
 Cast: Beastly Appendage |    24 |    18 ||    42
       Wereblood         |       |     2 ||     2
 Stab: Sleeping          |     1 |       ||     1
Armor: Skin              |     3 |    10 ||    13
Dodge: Dodged            |    83 |    60 ||   143

Table legend: (Time is in decaauts)
 A = Elapsed time spent in this place.
 B = Non-inter-level travel time spent in this place.
 C = Inter-level travel time spent in this place.
 D = Time resting spent in this place.
 E = Time spent auto-exploring this place.
 F = Levels seen in this place.
 G = Mean time per level.
                   A        B        C        D        E       F      G
               +--------+--------+--------+--------+--------+-----+--------+
         Total |   2846 |   2378 |    468 |    656 |   1186 |   2 | 1423.0 |
       Dungeon |   2846 |   2378 |    468 |    656 |   1186 |   2 | 1423.0 |
               +--------+--------+--------+--------+--------+-----+--------+

Top non-repeatable levels by time:
     D:1: 1454 daAuts
     D:2: 1391 daAuts
